 Dungeon Crawl Stone Soup version 0.26.1-11-gd32895ea62 (webtiles) character file.

Game seed: 2308065216495182851

425 unlimited1921 the Vexing (level 6, 0/47 HPs)
             Began as a Gnoll Arcane Marksman on July 25, 2021.
             Succumbed to an orc priest's poison
             ... on level 4 of the Dungeon.
             The game lasted 01:35:04 (8468 turns).

unlimited1921 the Vexing (Gnoll Arcane Marksman)    Turns: 8468, Time: 01:35:04

Health: 0/47       AC:  7    Str: 15    XL:     6   Next: 96%
Magic:  20/20      EV: 14    Int: 15    God:
Gold:   133        SH:  0    Dex: 15    Spells: 6/12 levels left

rFire    + . .     SeeInvis .   s - -3 whip
rCold    + . .     Faith    +   (no shield)
rNeg     . . .     Spirit   .   j - +1 leather armour {rF+}
rPois    .         Reflect  .   A - +2 helmet
rElec    .         Harm     .   (no cloak)
rCorr    .         Rampage  .   (no gloves)
Will     +....                  (no boots)
Stlth    ++........             k - amulet of faith
HPRegen  0.15/turn              l - ring of magical power
MPRegen  0.17/turn              (no ring)

@: lethally poisoned (0 -> -3)
A: distributed training, fangs 1, cold resistance 1, strong-willed 1, strong
nose
a: no special abilities


You were on level 4 of the Dungeon.
You visited 1 branch of the dungeon, and saw 4 of its levels.

You collected 133 gold pieces.

Inventory:

Hand Weapons
 a - a +0 hand crossbow
 m - a +0 club
 r - a +0 longbow
 s - a -3 whip (weapon)
 u - a +1 whip of venom
 y - the +7 dagger of Peril {vorpal, Int+3 SInv, unknown}
   (You found it on level 4 of the Dungeon)

   It inflicts extra damage upon your enemies.
   It affects your intelligence (+3).
   It lets you see invisible.
 z - a +0 hand axe
 F - a +0 falchion
Missiles
 c - 18 arrows
 d - 92 bolts
 g - 85 stones
 t - 2 throwing nets
 B - 56 sling bullets
 C - 5 javelins
 D - 2 poisoned darts
Armour
 e - a +0 robe
 h - a +0 ring mail
 i - a +0 chain mail
 j - a +1 leather armour of fire resistance (worn)
 v - a +0 scale mail
 A - a +2 helmet (worn)
Jewellery
 k - an amulet of faith (around neck)
 l - a ring of magical power (left hand)
 q - an uncursed ring of magical power
Wands
 x - a wand of flame (4) (quivered)
Scrolls
 n - a scroll of teleportation
 p - a scroll of enchant weapon
 w - a scroll of fog
Potions
 b - a potion of cancellation
 f - a potion of haste


   Skills:
 + Level 3.4 Fighting
 + Level 2.2 Short Blades
 + Level 2.2 Long Blades
 + Level 2.2 Axes
 + Level 2.2 Maces & Flails
 + Level 2.2 Polearms
 + Level 2.2 Staves
 + Level 2.2 Slings
 + Level 2.2 Bows
 + Level 5.1 Crossbows
 + Level 2.2 Throwing
 + Level 2.2 Armour
 + Level 5.1 Dodging
 + Level 2.2 Stealth
 + Level 2.2 Shields
 + Level 2.2 Unarmed Combat
 + Level 3.6 Spellcasting
 + Level 1.7 Conjurations
 + Level 5.7 Hexes
 + Level 1.7 Summonings
 + Level 1.7 Necromancy
 + Level 1.7 Translocations
 + Level 1.7 Transmutations
 + Level 1.7 Fire Magic
 + Level 1.7 Ice Magic
 + Level 1.7 Air Magic
 + Level 1.7 Earth Magic
 + Level 1.7 Poison Magic
 + Level 2.4 Invocations
 + Level 2.2 Evocations


You had 6 spell levels left.
You knew the following spells:

 Your Spells              Type           Power        Failure   Level
a - Corona                Hex            21%          2%          1
b - Slow                  Hex            19%          3%          2
c - Inner Flame           Hex/Fire       13%          16%         3

Your spell library contained the following spells:

 Spells                   Type           Power        Failure   Level
 Animate Skeleton         Necr           16%          11%         1
 Apportation              Tloc           16%          11%         1
 Summon Small Mammal      Summ           32%          11%         1
 Portal Projectile        Hex/Tloc       26%          16%         3
 Cause Fear               Hex            9%           22%         4
 Leda's Liquefaction      Hex/Erth       6%           45%         4


Dungeon Overview and Level Annotations

Branches:
Dungeon (4/15)
 Temple: D:4-7

Altars:
Makhleb
Qazlal
Uskayaw
The Shining One


Innate Abilities, Weirdness & Mutations

Your experience applies equally to all skills.
You have very sharp teeth.
Your uncanny sense of smell can sniff out nearby items.
Your flesh is cold resistant. (rC+)
You are strong-willed. (Will+)


Message History

You feel sick.
You feel magically purged.
* * * LOW HITPOINT WARNING * * *
You feel sick.
Things that are here:
a +0 short sword of venom; a +0 leather armour; an orc corpse
* * * LOW HITPOINT WARNING * * *
You feel sick.
* * * LOW HITPOINT WARNING * * *
You feel sick. Magic courses through your body.
Unknown command.
Memorise Animate Skeleton, consuming 1 spell level and leaving 5?
Your memorisation is interrupted.
* * * LOW HITPOINT WARNING * * *
You feel sick.
Casting: Corona (safe; 2% risk of failure)
Confirm with . or Enter, or press ? or * to list all spells.
Okay, then.
You die...

#####.### ##...## ###.#
##.....## ##.#.#
##.......## #
##....###.....[...####
#.......'.........'...
##....###.........####
####.#)# ##....>..## #
##.####.# ##.....######
##...###@# ##...## #...
##.....##.# ##'## #.#
#....)....# #.# #<##
##...).#### #.# #...
##...## ##.## ####
##.## ########...## #.#
#.....#.....######
#o####.###.##..........
#........#.##..########


There were no monsters in sight!

Vanquished Creatures
  An ogre (D:4)
  2 orc priests
  An iguana (D:4)
  3 orc wizards
  A worker ant (D:3)
  A hound skeleton (D:4)
  An adder (D:2)
  An ooze (D:2)
  6 worms
  5 dart slugs
  6 leopard geckos
  10 orcs
  3 giant cockroaches
  7 goblins
  6 hobgoblins
  4 jackals
  2 quokkas
  7 bats
  4 frilled lizards
  6 kobolds
  11 rats
88 creatures vanquished.

Vanquished Creatures (others)
  4 plants (D:3)
4 creatures vanquished.

Grand Total: 92 creatures vanquished

Notes
Turn   | Place    | Note
-------+----------+-------------------------------------------
     0 | D:1      | unlimited1921 the Gnoll Arcane Marksman began the quest for
                  | the Orb.
     0 | D:1      | Reached XP level 1. HP: 17/17 MP: 4/4
   165 | D:1      | Reached XP level 2. HP: 23/23 MP: 5/5
   467 | D:1      | Reached XP level 3. HP: 28/28 MP: 7/7
   470 | D:1      | Learned a level 2 spell: Slow
   974 | D:2      | Reached skill level 1 in Invocations
  1151 | D:2      | Reached skill level 1 in Short Blades
  1151 | D:2      | Reached skill level 1 in Long Blades
  1151 | D:2      | Reached skill level 1 in Axes
  1151 | D:2      | Reached skill level 1 in Maces & Flails
  1151 | D:2      | Reached skill level 1 in Polearms
  1151 | D:2      | Reached skill level 1 in Staves
  1151 | D:2      | Reached skill level 1 in Slings
  1151 | D:2      | Reached skill level 1 in Bows
  1151 | D:2      | Reached skill level 1 in Throwing
  1151 | D:2      | Reached skill level 1 in Armour
  1151 | D:2      | Reached skill level 1 in Stealth
  1151 | D:2      | Reached skill level 1 in Shields
  1151 | D:2      | Reached skill level 1 in Unarmed Combat
  1151 | D:2      | Reached skill level 1 in Evocations
  1190 | D:2      | Reached XP level 4. HP: 34/34 MP: 8/8
  2950 | D:3      | Reached skill level 1 in Conjurations
  2950 | D:3      | Reached skill level 1 in Summonings
  2950 | D:3      | Reached skill level 1 in Necromancy
  2950 | D:3      | Reached skill level 1 in Translocations
  2950 | D:3      | Reached skill level 1 in Transmutations
  2950 | D:3      | Reached skill level 1 in Fire Magic
  2950 | D:3      | Reached skill level 1 in Ice Magic
  2950 | D:3      | Reached skill level 1 in Air Magic
  2950 | D:3      | Reached skill level 1 in Earth Magic
  2950 | D:3      | Reached skill level 1 in Poison Magic
  3762 | D:3      | Found a hide-covered altar of Uskayaw.
  3762 | D:3      | Noticed a +0 dagger
  3762 | D:3      | Noticed a +0 dagger
  4214 | D:2      | Gained mutation: You are strong-willed. (Will+) [potion of
                  | mutation]
  4214 | D:2      | Gained mutation: Your flesh is cold resistant. (rC+)
                  | [potion of mutation]
  4227 | D:3      | Reached XP level 5. HP: 34/40 MP: 9/9
  4734 | D:3      | Found a faded altar of an unknown god.
  4920 | D:3      | Found a burning altar of Makhleb.
  4922 | D:3      | Found a stormy altar of Qazlal.
  4922 | D:3      | Found a glowing golden altar of the Shining One.
  6179 | D:2      | Learned a level 3 spell: Inner Flame
  6867 | D:4      | Got an iridescent dagger
  7237 | D:4      | Noticed an ogre
  7257 | D:4      | Killed an ogre
  7258 | D:4      | Reached XP level 6. HP: 47/47 MP: 8/11
  7832 | D:3      | Reached skill level 5 in Crossbows
  7832 | D:3      | Reached skill level 5 in Dodging
  8463 | D:4      | HP: 2/47 [poisoned by an orc priest]
  8468 | D:4      | Succumbed to an orc priest's poison

Illustrated notes

Levels and vault maps discovered:
D:1:      dpeg_arrival_concentric_ovals, layout_basic, serial_park_tiny_2
D:2:      layout_basic, minmay_tree_intersection
D:3:      layout_loops_ring, dancing_weapons_uskayaw,
          grunt_temple_overflow_diamond, chequers_ecumenical_altar_lobes
D:4:      layout_loops_corners

Skill      XL: |  1  2  3  4  5  6 |
---------------+-------------------+-----
Invocations    | 1 2 |  2.4
Short Blades   | 1 2 |  2.2
Long Blades    | 1 2 |  2.2
Axes           | 1 2 |  2.2
Maces & Flails | 1 2 |  2.2
Polearms       | 1 2 |  2.2
Staves         | 1 2 |  2.2
Slings         | 1 2 |  2.2
Bows           | 1 2 |  2.2
Throwing       | 1 2 |  2.2
Armour         | 1 2 |  2.2
Stealth        | 1 2 |  2.2
Shields        | 1 2 |  2.2
Unarmed Combat | 1 2 |  2.2
Evocations     | 1 2 |  2.2
Spellcasting   | 3 |  3.6
Conjurations   | 1 |  1.7
Summonings     | 1 |  1.7
Necromancy     | 1 |  1.7
Translocations | 1 |  1.7
Transmutations | 1 |  1.7
Fire Magic     | 1 |  1.7
Ice Magic      | 1 |  1.7
Air Magic      | 1 |  1.7
Earth Magic    | 1 |  1.7
Poison Magic   | 1 |  1.7
Fighting       | 3 |  3.4
Crossbows      | 5 |  5.1
Dodging        | 5 |  5.1
Hexes          | |  5.7

Action                   |  1- 3 |  4- 6 || total
-------------------------+-------+-------++-------
Melee: Whip              |       |   346 ||   346
       Bite              |       |    55 ||    55
       Club              |       |    16 ||    16
       Punch             |       |     4 ||     4
 Fire: Hand crossbow     |    80 |       ||    80
Throw: Stone             |       |   139 ||   139
       Dart              |       |    11 ||    11
 Cast: Corona            |     1 |    41 ||    42
       Slow              |       |    62 ||    62
       Inner Flame       |       |    12 ||    12
Evoke: Wand              |       |     8 ||     8
  Use: Potion            |       |     8 ||     8
       Scroll            |       |     6 ||     6
 Stab: Sleeping          |       |     1 ||     1
Armor: Robe              |     2 |       ||     2
       Leather armour    |       |    65 ||    65
Dodge: Dodged            |    14 |   217 ||   231
